AoeStats
← Schantiiniiii

African Clearing

506688111Analyzed
4v4 RM · 17d ago on Sep 14, 2026· 40m 53s· 8 players
Game mode
Random Map
Map size
Large (8 player)
Population
200
Speed
Normal
Resources
Standard
Victory
Conquest
Starting age
Dark Age
Ending age
Imperial Age
RankedLock teamsTeams togetherTeam positionsShared explorationLock speedFull tech treeHidden civsTurbo modeCheats
Victory
Defeat
🇫🇮 Portuguese · Finland
1738
+8
🇫🇮 Cumans · Finland
1672
+10
🇫🇮 Chinese · Finland
1651
+10
🇫🇮 Celts · Finland
1551
+14
🇨🇭 Ethiopians · Switzerland
1689
-17
🇨🇭 Tupi · Switzerland
1519
-10
🇨🇭 Tatars · Switzerland
1454
-8
🇨🇭 Bulgarians · Switzerland
1436
-7
Smiley
9:15 Loom
11:53 Feudal Age
12:25 Double-Bit Axe
12:41 Horse Collar
16:42 Fletching
37:30 Castle Age
36:45 Gold Mining
36:48 Stone Mining
Schantiiniiii
7:02 Loom
13:09 Feudal Age
16:44 Castle Age
15:23 Double-Bit Axe
17:41 Bow Saw
18:07 Scale Mail Armor
18:19 Forging
19:13 Squires
20:07 Chain Mail Armor
23:48 Arson
24:46 Iron Casting
31:09 Horse Collar
33:15 Town Watch
35:11 Wheelbarrow
34:44 Gold Mining
35:24 Royal Heirs
40:19 Imperial Age
38:20 Scale Barding Armor
39:27 Husbandry
41:05 Chain Barding Armor
[PSCH]Dumec the II
10:06 Loom
12:45 Feudal Age
13:23 Double-Bit Axe
18:13 Fletching
30:05 Castle Age
29:18 Gold Mining
35:16 Wheelbarrow
35:22 Town Watch
^^6-=MajorEjac****=-
11:22 Loom
13:32 Feudal Age
12:43 Loom
17:03 Castle Age
15:18 Double-Bit Axe
29:14 Horse Collar
31:37 Fletching
33:52 Bow Saw
33:54 Heavy Plow
36:41 Bodkin Arrow
39:14 Bloodlines
39:06 Husbandry
39:13 Scale Barding Armor
39:19 Forging
40:01 Murder Holes
Ee-meili
8:09 Loom
12:45 Feudal Age
14:44 Double-Bit Axe
15:11 Horse Collar
15:40 Town Watch
16:40 Scale Barding Armor
22:52 Castle Age
21:53 Forging
24:37 Wheelbarrow
24:16 Light Cavalry
27:09 Bow Saw
27:23 Heavy Plow
29:06 Gold Mining
29:06 Stone Mining
30:47 Hand Cart
32:35 Fletching
36:05 Imperial Age
33:56 Bodkin Arrow
34:38 Ballistics
34:29 Masonry
34:45 Padded Archer Armor
36:23 Leather Archer Armor
36:30 Chain Barding Armor
37:23 Gold Shaft Mining
38:04 Chemistry
38:55 Two-Man Saw
38:26 Elite Kipchak
39:26 Conscription
39:09 Cuman Mercenaries
39:43 Bloodlines
41:01 Plate Barding Armor
40:57 Ring Archer Armor
Kaarlos
10:25 Loom
12:44 Feudal Age
14:15 Double-Bit Axe
16:58 Castle Age
17:53 Bow Saw
34:46 Horse Collar
38:40 Imperial Age
36:45 Fletching
37:34 Heavy Plow
38:15 Gold Mining
38:15 Stone Mining
39:45 Conscription
39:30 Circumnavigation
40:25 Elite Organ Gun
30Markus
3:07 Loom
11:59 Feudal Age
12:30 Double-Bit Axe
15:24 Scale Barding Armor
15:26 Horse Collar
20:25 Bloodlines
26:21 Castle Age
35:08 Fletching
35:40 Bodkin Arrow
40:05 Ballistics
40:31 Padded Archer Armor
gottagou
10:38 Loom
12:48 Feudal Age
16:27 Castle Age
15:47 Double-Bit Axe
19:00 Horse Collar
26:22 Bow Saw
26:13 Heavy Plow
26:25 Town Watch
28:47 Fletching
31:29 Wheelbarrow
31:06 Scale Mail Armor
31:26 Gold Mining
31:26 Stone Mining
33:33 Hand Cart
34:11 Ballistics
37:40 Imperial Age
35:24 Arson
35:55 Chain Mail Armor
36:06 Forging
36:27 Bodkin Arrow
36:44 Masonry
38:41 Iron Casting
38:46 Conscription
39:05 Plate Mail Armor
38:46 Elite Woad Raider
41:19 Blast Furnace
Connection lost

Rejoining the realm…

Still unreachable

The connection could not be restored.

Session expired

The server has moved on; the page needs a fresh start.